[ AOE2 MATCH · #481113792 ]
UnrankedPersians vs Spanish
[ REPLAY ANALYSIS · EXTRACTED FROM THE RECORDED GAME ]
Feudal
11:41
Castle
15:18
Imperial
—
| APM avg | 35.5 |
| APM peak | 123 |
| eAPM avg | 17.6 |
| Villagers / military | 237 / 5 |
Focus
⚔️ 19.9% · 🌾 80.1%
Monk ×5
Feudal
11:24
Castle
15:22
Imperial
33:26
| APM avg | 39.7 |
| APM peak | 73 |
| eAPM avg | 16.6 |
| Villagers / military | 112 / 66 |
Focus
⚔️ 25.1% · 🌾 74.9%
Spearman ×40 · Trade Cart ×26 · Conquistador ×15 · Battering Ram ×11
Feudal
9:08
Castle
22:15
Imperial
36:05
| APM avg | 31.8 |
| APM peak | 59 |
| eAPM avg | 20.0 |
| Villagers / military | 176 / 29 |
Focus
⚔️ 29.3% · 🌾 70.7%
Archer ×18 · Mameluke ×9 · Spearman ×2
Feudal
9:01
Castle
20:43
Imperial
33:34
| APM avg | 54.6 |
| APM peak | 110 |
| eAPM avg | 18.6 |
| Villagers / military | 134 / 102 |
Focus
⚔️ 27.7% · 🌾 72.3%
Cavalry Archer ×81 · Scout Cavalry ×15 · Monk ×3 · Trebuchet (Packed) ×3
Feudal
10:15
Castle
14:53
Imperial
33:21
| APM avg | 39.3 |
| APM peak | 110 |
| eAPM avg | 22.5 |
| Villagers / military | 151 / 32 |
Focus
⚔️ 32.1% · 🌾 67.9%
Unknown (1974) ×127 · Spearman ×30 · Monk ×1 · Scorpion ×1
Feudal
11:23
Castle
14:10
Imperial
37:20
| APM avg | 40.2 |
| APM peak | 71 |
| eAPM avg | 24.8 |
| Villagers / military | 225 / 47 |
Focus
⚔️ 23.8% · 🌾 76.2%
Ballista Elephant ×43 · Monk ×3 · Trebuchet (Packed) ×1
Feudal
10:01
Castle
13:40
Imperial
28:17
| APM avg | 34.5 |
| APM peak | 83 |
| eAPM avg | 23.7 |
| Villagers / military | 163 / 206 |
Focus
⚔️ 37.3% · 🌾 62.7%
Knight ×156 · Scout Cavalry ×48 · Mangonel ×2
Feudal
10:40
Castle
14:35
Imperial
28:50
| APM avg | 30.0 |
| APM peak | 60 |
| eAPM avg | 20.8 |
| Villagers / military | 229 / 125 |
Focus
⚔️ 25.5% · 🌾 74.5%
Camel Scout ×75 · Cavalry Archer ×41 · Keshik ×7 · Monk ×2
Match map
Initial resources + every placement click. Lines = walls · curves = elevation contours. ◆ gold · ⬟ stone · ● berries · ✦ relic · ◌ wall gap
Your base· Open — unwalled flank
霧島君's base· Open — unwalled flank
abli30's base· Open — unwalled flank
Grrgrag's base· ✓ Closed at 20:43 · 66t walls · 1 gate(s)
Steven S Lee's base· Open — unwalled flank
CodyRay's base· Open — unwalled flank
Fred's real son's base· Open — unwalled flank
Choso's base· Open — unwalled flank
Smoothed initial terrain · ◌ = detected wall gap · hover for details
Inputs per minute
— kfcman5566 - - 霧島君
Build order — kfcman5566
First 150 of 265 actions detected
| 0:00 | Create | Villager (Male) |
| 0:01 | Create | Villager (Male) |
| 0:01 | Create | Villager (Male) |
| 0:01 | Create | Villager (Male) |
| 0:03 | Build | House |
| 0:04 | Build | House |
| 0:48 | Create | Villager (Male) |
| 1:22 | Create | Villager (Male) |
| 1:45 | Create | Villager (Male) |
| 1:45 | Create | Villager (Male) |
| 2:03 | Build | Lumber Camp |
| 2:19 | Create | Villager (Male) |
| 2:19 | Create | Villager (Male) |
| 3:00 | Create | Villager (Male) |
| 3:00 | Create | Villager (Male) |
| 3:00 | Create | Villager (Male) |
| 3:01 | Create | Villager (Male) |
| 3:42 | Build | House |
| 3:53 | Create | Villager (Male) |
| 3:53 | Create | Villager (Male) |
| 4:38 | Build | House |
| 4:42 | Build | House |
| 4:49 | Create | Villager (Male) |
| 4:49 | Create | Villager (Male) |
| 4:50 | Create | Villager (Male) |
| 4:50 | Create | Villager (Male) |
| 4:50 | Create | Villager (Male) |
| 5:00 | Build | Mill |
| 5:39 | Build | Palisade Wall |
| 5:45 | Create | Villager (Male) |
| 5:45 | Create | Villager (Male) |
| 5:45 | Create | Villager (Male) |
| 6:20 | Create | Villager (Male) |
| 6:21 | Create | Villager (Male) |
| 6:25 | Build | Farm |
| 6:45 | Create | Villager (Male) |
| 6:56 | Build | Palisade Wall |
| 7:15 | Create | Villager (Male) |
| 7:15 | Create | Villager (Male) |
| 7:15 | Create | Villager (Male) |
| 7:26 | Build | Farm |
| 7:33 | Create | Villager (Male) |
| 7:33 | Create | Villager (Male) |
| 8:18 | Create | Villager (Male) |
| 8:48 | Build | Palisade Wall |
| 8:55 | Build | Mining Camp |
| 9:29 | Build | Palisade Wall |
| 9:34 | Research | Feudal Age |
| 9:58 | Build | Farm |
| 10:04 | Build | Farm |
| 10:17 | Build | Palisade Wall |
| 10:36 | Build | Palisade Wall |
| 10:42 | Build | Palisade Wall |
| 10:48 | Build | Palisade Wall |
| 10:49 | Build | Palisade Wall |
| 11:03 | Build | Palisade Wall |
| 11:08 | Create | Villager (Male) |
| 11:09 | Create | Villager (Male) |
| 11:41 | Age | Feudal Age |
| 11:50 | Build | Market |
| 11:54 | Build | Blacksmith |
| 12:04 | Research | Loom |
| 12:30 | Create | Villager (Male) |
| 12:46 | Build | Stone Wall |
| 12:51 | Research | Castle Age |
| 12:51 | Research | Castle Age |
| 13:44 | Research | Double-Bit Axe |
| 13:48 | Build | Mining Camp |
| 13:51 | Create | Villager (Male) |
| 13:52 | Create | Villager (Male) |
| 13:59 | Build | House |
| 14:00 | Build | House |
| 14:48 | Create | Villager (Male) |
| 14:54 | Research | Horse Collar |
| 15:18 | Age | Castle Age |
| 15:28 | Build | Town Center |
| 15:44 | Create | Villager (Male) |
| 15:47 | Build | Farm |
| 16:06 | Create | Villager (Male) |
| 16:28 | Build | Town Center |
| 16:32 | Create | Villager (Male) |
| 16:32 | Create | Villager (Male) |
| 16:33 | Create | Villager (Male) |
| 16:33 | Create | Villager (Male) |
| 16:44 | Build | Farm |
| 16:44 | Build | Farm |
| 16:44 | Build | Farm |
| 16:56 | Build | Stone Wall |
| 17:00 | Create | Villager (Male) |
| 17:00 | Create | Villager (Male) |
| 17:04 | Build | Farm |
| 17:07 | Create | Villager (Male) |
| 17:07 | Create | Villager (Male) |
| 17:15 | Build | Farm |
| 17:17 | Build | Farm |
| 17:18 | Build | Farm |
| 17:34 | Build | House |
| 17:36 | Build | House |
| 17:48 | Build | House |
| 17:50 | Create | Villager (Male) |
| 17:50 | Create | Villager (Male) |
| 18:06 | Research | Bow Saw |
| 18:13 | Create | Villager (Male) |
| 18:17 | Build | Farm |
| 18:22 | Build | House |
| 18:27 | Create | Villager (Male) ×2 |
| 18:31 | Build | Farm |
| 18:33 | Build | Farm |
| 18:37 | Build | Farm |
| 18:38 | Build | Farm |
| 18:40 | Create | Villager (Male) |
| 18:40 | Create | Villager (Male) |
| 18:42 | Build | Farm |
| 18:44 | Build | Farm |
| 18:54 | Build | Stone Wall |
| 18:55 | Build | Stone Wall |
| 19:04 | Build | Stone Wall |
| 19:16 | Create | Villager (Male) ×2 |
| 19:16 | Create | Villager (Male) ×2 |
| 19:35 | Create | Villager (Male) ×2 |
| 19:35 | Create | Villager (Male) ×2 |
| 19:47 | Build | Farm |
| 19:48 | Build | Farm |
| 19:49 | Build | Farm |
| 19:50 | Build | Farm |
| 19:52 | Build | Farm |
| 19:54 | Create | Villager (Male) ×2 |
| 19:54 | Create | Villager (Male) ×2 |
| 20:12 | Build | House |
| 20:14 | Build | House |
| 20:15 | Build | House |
| 20:26 | Build | Stone Wall |
| 20:29 | Create | Villager (Male) ×3 |
| 20:35 | Build | Farm |
| 20:36 | Build | Farm |
| 20:45 | Research | Wheelbarrow |
| 20:46 | Research | Town Watch |
| 20:47 | Create | Villager (Male) ×2 |
| 20:48 | Create | Villager (Male) ×2 |
| 21:05 | Build | Palisade Wall |
| 21:07 | Create | Villager (Male) ×2 |
| 21:07 | Create | Villager (Male) ×2 |
| 21:07 | Create | Villager (Male) ×2 |
| 21:32 | Build | House |
| 21:34 | Create | Villager (Male) ×5 |
| 21:35 | Create | Villager (Male) ×5 |
| 21:38 | Build | Stone Wall |
| 21:46 | Build | Stone Wall |
| 22:08 | Create | Villager (Male) ×5 |
| 22:08 | Create | Villager (Male) ×5 |
Build order — 霧島君
First 150 of 357 actions detected
| 0:02 | Create | Villager (Male) |
| 0:02 | Create | Villager (Male) |
| 0:04 | Build | House |
| 0:08 | Build | House |
| 0:23 | Create | Villager (Male) |
| 0:24 | Create | Villager (Male) |
| 1:21 | Build | Lumber Camp |
| 1:40 | Create | Villager (Male) |
| 1:40 | Create | Villager (Male) |
| 2:01 | Create | Villager (Male) |
| 2:34 | Create | Villager (Male) |
| 2:43 | Build | House |
| 2:56 | Create | Villager (Male) |
| 3:09 | Build | House |
| 3:22 | Create | Villager (Male) |
| 3:22 | Create | Villager (Male) |
| 3:39 | Create | Villager (Male) |
| 3:54 | Create | Villager (Male) |
| 3:57 | Create | Villager (Male) |
| 4:43 | Create | Villager (Male) |
| 4:58 | Create | Villager (Male) |
| 5:21 | Create | Villager (Male) |
| 5:40 | Build | Palisade Wall |
| 5:51 | Create | Villager (Male) |
| 6:02 | Create | Villager (Male) |
| 6:31 | Build | Mill |
| 6:38 | Create | Villager (Male) |
| 7:20 | Create | Villager (Male) |
| 7:26 | Build | Mining Camp |
| 7:54 | Create | Villager (Male) |
| 7:59 | Build | Farm |
| 8:07 | Build | Farm |
| 8:08 | Create | Villager (Male) |
| 8:25 | Build | House |
| 8:45 | Create | Villager (Male) |
| 9:13 | Research | Feudal Age |
| 9:23 | Build | Farm |
| 9:27 | Build | Farm |
| 10:15 | Build | Mining Camp |
| 11:24 | Age | Feudal Age |
| 11:25 | Research | Double-Bit Axe |
| 11:26 | Research | Wheelbarrow |
| 11:36 | Build | Market |
| 12:01 | Build | Blacksmith |
| 12:42 | Research | Castle Age |
| 12:50 | Build | Mining Camp |
| 13:37 | Research | Horse Collar |
| 14:12 | Research | Gold Mining |
| 15:10 | Create | Villager (Male) |
| 15:11 | Create | Villager (Male) |
| 15:22 | Age | Castle Age |
| 15:23 | Research | Bow Saw |
| 15:25 | Research | Heavy Plow |
| 15:26 | Research | Heavy Plow |
| 15:51 | Create | Villager (Male) |
| 16:05 | Build | Castle |
| 16:28 | Build | Farm |
| 16:31 | Build | Farm |
| 16:32 | Create | Villager (Male) |
| 16:35 | Build | Farm |
| 16:38 | Create | Villager (Male) |
| 16:38 | Create | Villager (Male) |
| 16:43 | Build | Farm |
| 17:24 | Build | Gate |
| 17:27 | Create | Conquistador |
| 17:30 | Create | Villager (Male) |
| 17:41 | Build | Farm |
| 17:45 | Build | Farm |
| 17:47 | Create | Conquistador |
| 17:55 | Create | Conquistador |
| 18:07 | Build | Farm |
| 18:12 | Build | Farm |
| 18:17 | Create | Villager (Male) |
| 18:33 | Build | House |
| 18:35 | Build | House |
| 18:40 | Create | Conquistador |
| 18:47 | Research | Loom |
| 18:52 | Build | Farm |
| 19:06 | Create | Villager (Male) |
| 19:18 | Build | House |
| 19:18 | Create | Conquistador |
| 19:30 | Build | Town Center |
| 19:32 | Create | Conquistador |
| 19:55 | Create | Conquistador |
| 20:00 | Create | Villager (Male) |
| 20:03 | Build | Farm |
| 20:16 | Create | Conquistador |
| 20:26 | Build | Farm |
| 20:29 | Build | Farm |
| 20:31 | Create | Villager (Male) |
| 20:40 | Create | Conquistador |
| 21:15 | Create | Conquistador |
| 21:23 | Create | Villager (Male) |
| 21:24 | Create | Villager (Male) |
| 21:27 | Build | Farm |
| 21:30 | Build | Farm |
| 21:31 | Build | Farm |
| 21:55 | Create | Villager (Male) |
| 21:56 | Create | Villager (Male) |
| 21:58 | Build | Farm |
| 21:59 | Build | Farm |
| 22:00 | Build | Farm |
| 22:05 | Create | Villager (Male) |
| 22:06 | Create | Villager (Male) |
| 22:12 | Build | Barracks |
| 22:18 | Research | Padded Archer Armor |
| 22:43 | Create | Villager (Male) |
| 22:44 | Create | Villager (Male) |
| 22:50 | Create | Conquistador |
| 22:50 | Create | Conquistador |
| 23:03 | Create | Villager (Male) |
| 23:04 | Create | Villager (Male) |
| 23:11 | Build | Stable |
| 23:45 | Create | Villager (Male) |
| 23:46 | Create | Villager (Male) |
| 24:03 | Research | Bloodlines |
| 24:03 | Research | Husbandry |
| 24:09 | Create | Villager (Male) |
| 24:09 | Create | Villager (Male) |
| 24:10 | Create | Conquistador |
| 24:19 | Create | Villager (Male) |
| 24:19 | Create | Villager (Male) |
| 24:54 | Create | Villager (Male) |
| 24:54 | Create | Villager (Male) |
| 24:58 | Build | Farm |
| 24:59 | Build | Farm |
| 25:06 | Create | Conquistador |
| 25:06 | Create | Villager (Male) |
| 25:07 | Create | Villager (Male) |
| 25:24 | Create | Conquistador |
| 25:35 | Create | Villager (Male) |
| 25:35 | Create | Villager (Male) |
| 25:41 | Build | Town Center |
| 25:55 | Research | Hand Cart |
| 26:22 | Create | Villager (Male) |
| 26:23 | Create | Villager (Male) |
| 26:27 | Build | House |
| 26:28 | Build | House |
| 26:29 | Build | House |
| 26:30 | Build | House |
| 27:18 | Create | Villager (Male) |
| 27:18 | Create | Villager (Male) |
| 27:19 | Create | Villager (Male) |
| 27:49 | Create | Villager (Male) |
| 27:49 | Create | Villager (Male) |
| 27:51 | Build | Farm |
| 27:53 | Build | Farm |
| 27:54 | Build | Farm |
| 28:36 | Create | Villager (Male) |
| 28:36 | Create | Villager (Male) |
Build order — abli30
First 150 of 370 actions detected
| 0:01 | Create | Villager (Male) |
| 0:01 | Create | Villager (Male) |
| 0:03 | Build | House |
| 0:04 | Build | House |
| 0:37 | Create | Villager (Male) |
| 0:37 | Create | Villager (Male) |
| 1:40 | Create | Villager (Male) |
| 1:40 | Create | Villager (Male) |
| 1:48 | Build | Lumber Camp |
| 2:03 | Create | Villager (Male) |
| 2:26 | Create | Villager (Male) |
| 2:26 | Create | Villager (Male) |
| 2:47 | Create | Villager (Male) |
| 2:47 | Create | Villager (Male) |
| 3:15 | Build | House |
| 3:16 | Build | House |
| 3:20 | Create | Villager (Male) |
| 3:41 | Create | Villager (Male) |
| 3:41 | Create | Villager (Male) |
| 4:34 | Build | Palisade Wall |
| 4:36 | Create | Villager (Male) |
| 4:37 | Create | Villager (Male) |
| 4:47 | Build | Mill |
| 5:24 | Create | Villager (Male) |
| 5:25 | Create | Villager (Male) |
| 5:47 | Create | Villager (Male) |
| 5:54 | Build | House |
| 6:08 | Research | Loom |
| 6:58 | Research | Feudal Age |
| 6:58 | Research | Feudal Age |
| 7:44 | Build | Barracks |
| 8:01 | Build | Palisade Wall |
| 8:12 | Create | Villager (Male) |
| 8:47 | Build | Palisade Wall |
| 8:48 | Build | Palisade Wall |
| 9:04 | Build | Mining Camp |
| 9:08 | Age | Feudal Age |
| 9:10 | Research | Double-Bit Axe |
| 9:10 | Research | Double-Bit Axe |
| 9:20 | Create | Villager (Male) |
| 9:33 | Build | Palisade Wall |
| 9:41 | Create | Villager (Male) |
| 10:05 | Build | Archery Range |
| 10:15 | Create | Villager (Male) |
| 10:35 | Create | Villager (Male) |
| 10:45 | Research | Gold Mining |
| 10:45 | Research | Gold Mining |
| 10:50 | Build | House |
| 10:51 | Build | House |
| 10:58 | Create | Archer |
| 10:59 | Create | Archer |
| 11:00 | Create | Villager (Male) |
| 11:19 | Create | Villager (Male) |
| 11:40 | Build | Archery Range |
| 11:45 | Create | Villager (Male) |
| 12:01 | Build | House |
| 12:21 | Build | Blacksmith |
| 12:22 | Create | Archer |
| 12:22 | Create | Archer |
| 12:38 | Build | Palisade Wall |
| 12:46 | Build | Palisade Gate |
| 12:49 | Create | Archer |
| 12:50 | Create | Archer |
| 13:02 | Create | Spearman |
| 13:18 | Create | Villager (Male) |
| 13:32 | Create | Spearman |
| 13:42 | Create | Villager (Male) |
| 13:48 | Create | Archer |
| 13:48 | Create | Archer |
| 13:58 | Build | Blacksmith |
| 14:00 | Create | Villager (Male) |
| 14:11 | Create | Villager (Male) |
| 14:26 | Create | Villager (Male) |
| 14:32 | Build | Market |
| 14:34 | Create | Villager (Male) |
| 14:38 | Research | Horse Collar |
| 14:41 | Create | Archer |
| 14:41 | Create | Archer |
| 14:42 | Create | Archer |
| 14:42 | Create | Archer |
| 14:45 | Build | Farm |
| 14:47 | Build | Farm |
| 14:49 | Build | Farm |
| 15:16 | Create | Villager (Male) |
| 15:21 | Build | Farm |
| 15:22 | Build | Farm |
| 15:24 | Build | Farm |
| 15:44 | Create | Villager (Male) |
| 15:46 | Create | Archer |
| 15:52 | Build | House |
| 15:58 | Build | House |
| 16:05 | Build | Farm |
| 16:07 | Build | Farm |
| 16:15 | Research | Wheelbarrow |
| 16:22 | Create | Archer |
| 16:23 | Create | Archer |
| 16:40 | Build | House |
| 16:44 | Build | House |
| 16:49 | Build | Farm |
| 16:52 | Build | Farm |
| 17:05 | Create | Archer |
| 17:11 | Build | House |
| 17:11 | Build | House |
| 17:13 | Build | House |
| 17:19 | Create | Villager (Male) |
| 17:55 | Create | Villager (Male) |
| 18:02 | Build | Farm |
| 18:05 | Build | Farm |
| 18:11 | Create | Villager (Male) |
| 18:27 | Build | Farm |
| 18:38 | Build | Lumber Camp |
| 18:45 | Create | Villager (Male) |
| 18:58 | Create | Villager (Male) |
| 19:32 | Research | Castle Age |
| 19:51 | Create | Archer |
| 19:52 | Create | Archer |
| 21:52 | Research | Padded Archer Armor |
| 21:53 | Research | Fletching |
| 22:00 | Research | Padded Archer Armor |
| 22:00 | Research | Padded Archer Armor |
| 22:15 | Age | Castle Age |
| 22:19 | Research | Hand Cart |
| 22:20 | Research | Bow Saw |
| 22:23 | Research | Crossbowman (upgrade) |
| 22:35 | Build | University |
| 22:45 | Research | Bodkin Arrow |
| 22:53 | Research | Heavy Plow |
| 23:01 | Build | Town Center |
| 23:09 | Create | Villager (Male) |
| 23:27 | Create | Villager (Male) |
| 23:47 | Research | Ballistics |
| 23:50 | Create | Villager (Male) |
| 24:06 | Create | Villager (Male) |
| 24:12 | Research | Leather Archer Armor |
| 24:12 | Research | Leather Archer Armor |
| 24:41 | Create | Villager (Male) |
| 24:41 | Create | Villager (Male) |
| 24:56 | Create | Villager (Male) |
| 24:56 | Create | Villager (Male) |
| 25:00 | Build | Town Center |
| 25:06 | Create | Villager (Male) |
| 26:36 | Create | Villager (Male) |
| 26:36 | Create | Villager (Male) |
| 26:38 | Create | Villager (Male) |
| 26:38 | Create | Villager (Male) |
| 26:45 | Build | Town Center |
| 26:48 | Create | Villager (Male) |
| 26:59 | Build | Town Center |
| 27:06 | Create | Villager (Male) |
| 27:20 | Create | Villager (Male) |
Build order — Grrgrag
First 150 of 373 actions detected
| 0:00 | Create | Villager (Male) |
| 0:01 | Create | Villager (Male) |
| 0:01 | Create | Villager (Male) |
| 0:01 | Create | Villager (Male) |
| 0:02 | Create | Villager (Male) |
| 0:03 | Build | House |
| 0:05 | Build | House |
| 1:28 | Create | Villager (Male) |
| 1:58 | Create | Villager (Male) |
| 1:58 | Create | Villager (Male) |
| 2:18 | Create | Villager (Male) |
| 2:56 | Create | Villager (Male) |
| 3:06 | Build | Lumber Camp |
| 3:31 | Create | Villager (Male) |
| 3:37 | Create | Villager (Male) |
| 3:37 | Create | Villager (Male) |
| 3:37 | Create | Villager (Male) |
| 3:38 | Create | Villager (Male) |
| 3:54 | Build | House |
| 4:05 | Build | House |
| 4:20 | Create | Villager (Male) |
| 4:30 | Build | House |
| 4:34 | Create | Villager (Male) |
| 5:05 | Create | Villager (Male) |
| 5:06 | Create | Villager (Male) |
| 5:37 | Build | Mill |
| 5:56 | Research | Loom |
| 6:43 | Research | Feudal Age |
| 7:48 | Build | Barracks |
| 8:22 | Build | House |
| 8:36 | Build | Palisade Wall |
| 8:38 | Build | Palisade Wall |
| 9:01 | Age | Feudal Age |
| 9:04 | Build | Stable |
| 9:06 | Create | Villager (Male) |
| 9:06 | Create | Villager (Male) |
| 9:19 | Research | Double-Bit Axe |
| 9:20 | Research | Double-Bit Axe |
| 9:24 | Build | Palisade Wall |
| 9:41 | Create | Villager (Male) |
| 9:46 | Build | Palisade Wall |
| 9:47 | Build | Palisade Wall |
| 9:49 | Create | Scout Cavalry |
| 9:49 | Create | Scout Cavalry |
| 9:49 | Create | Scout Cavalry |
| 9:59 | Build | House |
| 10:04 | Create | Villager (Male) |
| 10:09 | Build | Palisade Wall |
| 10:38 | Build | Palisade Wall |
| 10:40 | Build | Palisade Wall |
| 10:41 | Create | Villager (Male) |
| 10:45 | Build | House |
| 10:49 | Create | Scout Cavalry |
| 10:57 | Build | Pasture |
| 11:03 | Create | Villager (Male) |
| 11:03 | Create | Villager (Male) |
| 11:10 | Build | Palisade Wall |
| 11:24 | Create | Scout Cavalry |
| 11:30 | Build | Pasture |
| 11:46 | Create | Villager (Male) |
| 11:46 | Create | Villager (Male) |
| 12:14 | Build | Blacksmith |
| 12:38 | Build | Lumber Camp |
| 12:39 | Create | Villager (Male) |
| 12:39 | Create | Villager (Male) |
| 12:55 | Build | House |
| 12:56 | Build | House |
| 13:01 | Research | Forging |
| 13:09 | Create | Villager (Male) |
| 13:15 | Create | Scout Cavalry |
| 13:15 | Create | Scout Cavalry |
| 13:28 | Build | Pasture |
| 13:42 | Build | Pasture |
| 13:50 | Create | Villager (Male) |
| 13:51 | Create | Villager (Male) |
| 14:33 | Create | Villager (Male) |
| 14:34 | Create | Villager (Male) |
| 14:36 | Build | Pasture |
| 14:39 | Build | Pasture |
| 14:43 | Build | Pasture |
| 14:57 | Build | Pasture |
| 14:59 | Create | Villager (Male) |
| 14:59 | Create | Villager (Male) |
| 15:22 | Build | Palisade Wall |
| 15:33 | Build | Pasture |
| 15:36 | Create | Villager (Male) |
| 15:36 | Create | Villager (Male) |
| 16:00 | Build | Mining Camp |
| 16:17 | Build | House |
| 16:22 | Build | House |
| 16:24 | Build | Palisade Wall |
| 16:27 | Build | House |
| 16:59 | Research | Gold Mining |
| 17:30 | Build | Market |
| 17:31 | Build | House |
| 17:38 | Create | Villager (Male) |
| 17:55 | Build | House |
| 17:59 | Research | Castle Age |
| 19:09 | Build | Palisade Gate |
| 19:52 | Research | Tech 1014 |
| 20:30 | Create | Villager (Male) |
| 20:30 | Create | Villager (Male) |
| 20:43 | Age | Castle Age |
| 20:46 | Build | Monastery |
| 20:51 | Build | Town Center |
| 20:56 | Research | Bow Saw |
| 21:04 | Research | Iron Casting |
| 21:07 | Research | Light Cavalry (upgrade) |
| 21:07 | Research | Light Cavalry (upgrade) |
| 21:08 | Create | Scout Cavalry |
| 21:09 | Create | Scout Cavalry |
| 21:22 | Create | Monk |
| 21:39 | Create | Villager (Male) |
| 21:39 | Create | Villager (Male) |
| 21:46 | Build | Stable |
| 21:51 | Create | Villager (Male) |
| 21:51 | Create | Villager (Male) |
| 22:10 | Create | Scout Cavalry |
| 22:10 | Create | Scout Cavalry |
| 22:23 | Research | Wheelbarrow |
| 22:23 | Create | Villager (Male) |
| 22:24 | Create | Villager (Male) |
| 22:50 | Create | Scout Cavalry |
| 22:51 | Create | Scout Cavalry |
| 23:13 | Build | Town Center |
| 23:14 | Create | Villager (Male) |
| 23:15 | Create | Villager (Male) |
| 23:15 | Create | Villager (Male) |
| 23:29 | Build | Pasture |
| 23:29 | Build | Pasture |
| 23:52 | Create | Villager (Male) |
| 23:55 | Build | Pasture |
| 23:55 | Build | Pasture |
| 24:09 | Research | Scale Barding Armor |
| 24:10 | Research | Scale Barding Armor |
| 24:11 | Create | Villager (Male) |
| 24:12 | Create | Villager (Male) |
| 24:19 | Build | Pasture |
| 24:19 | Build | Pasture |
| 24:24 | Create | Monk |
| 24:33 | Create | Villager (Male) |
| 24:34 | Create | Villager (Male) |
| 24:45 | Build | Pasture |
| 24:47 | Build | Pasture |
| 24:53 | Create | Villager (Male) |
| 25:06 | Research | Chain Barding Armor |
| 25:19 | Create | Villager (Male) |
| 25:20 | Create | Villager (Male) |
| 25:21 | Create | Villager (Male) |
| 25:22 | Create | Villager (Male) |
Build order — Steven S Lee
First 150 of 446 actions detected
| 0:00 | Create | Villager (Male) |
| 0:01 | Create | Villager (Male) |
| 0:01 | Create | Villager (Male) |
| 0:01 | Create | Villager (Male) |
| 0:02 | Build | House |
| 0:03 | Build | House |
| 1:33 | Create | Villager (Male) |
| 1:45 | Build | Lumber Camp |
| 1:46 | Create | Villager (Male) |
| 1:46 | Create | Villager (Male) |
| 2:22 | Create | Villager (Male) |
| 2:22 | Create | Villager (Male) |
| 2:46 | Create | Villager (Male) |
| 2:46 | Create | Villager (Male) |
| 3:15 | Create | Villager (Male) |
| 3:37 | Create | Villager (Male) |
| 3:38 | Create | Villager (Male) |
| 4:04 | Build | House |
| 4:06 | Build | House |
| 4:26 | Build | Palisade Wall |
| 4:44 | Create | Villager (Male) |
| 4:45 | Create | Villager (Male) |
| 4:45 | Create | Villager (Male) |
| 4:45 | Create | Villager (Male) |
| 5:10 | Create | Villager (Male) |
| 5:10 | Create | Villager (Male) |
| 5:16 | Build | Mill |
| 6:17 | Build | House |
| 6:18 | Build | House |
| 6:25 | Create | Villager (Male) |
| 6:26 | Create | Villager (Male) |
| 6:26 | Create | Villager (Male) |
| 6:27 | Create | Villager (Male) |
| 6:28 | Create | Villager (Male) |
| 6:28 | Create | Villager (Male) |
| 6:29 | Create | Villager (Male) |
| 6:29 | Create | Villager (Male) |
| 6:44 | Build | House |
| 6:49 | Build | Palisade Wall |
| 6:50 | Build | Palisade Wall |
| 7:10 | Create | Villager (Male) |
| 8:04 | Research | Feudal Age |
| 8:05 | Research | Loom |
| 8:10 | Build | Mining Camp |
| 8:16 | Research | Loom |
| 8:21 | Build | Palisade Wall |
| 8:22 | Build | Palisade Wall |
| 8:48 | Create | Villager (Male) |
| 9:09 | Build | Palisade Wall |
| 9:09 | Build | Palisade Wall |
| 10:15 | Age | Feudal Age |
| 10:16 | Build | Market |
| 10:18 | Build | Blacksmith |
| 10:33 | Build | House |
| 10:53 | Build | House |
| 10:54 | Build | House |
| 10:58 | Research | Town Watch |
| 11:06 | Create | Villager (Male) |
| 11:19 | Build | House |
| 11:21 | Build | Palisade Wall |
| 11:26 | Build | House |
| 11:29 | Build | House |
| 11:33 | Create | Villager (Male) |
| 11:57 | Build | Palisade Gate |
| 12:13 | Research | Castle Age |
| 12:43 | Research | Double-Bit Axe |
| 12:43 | Research | Double-Bit Axe |
| 13:46 | Create | Villager (Male) |
| 14:14 | Build | House |
| 14:31 | Build | Farm |
| 14:33 | Build | Farm |
| 14:53 | Age | Castle Age |
| 14:56 | Build | Town Center |
| 14:59 | Build | Town Center |
| 15:11 | Create | Villager (Male) |
| 15:35 | Create | Villager (Male) |
| 15:50 | Create | Villager (Male) |
| 15:59 | Build | Farm |
| 16:01 | Build | Farm |
| 16:08 | Build | Farm |
| 16:14 | Create | Villager (Male) |
| 16:14 | Create | Villager (Male) |
| 16:23 | Build | Farm |
| 16:25 | Build | Farm |
| 16:28 | Create | Villager (Male) |
| 16:29 | Create | Villager (Male) |
| 16:34 | Build | Farm |
| 16:44 | Create | Villager (Male) |
| 16:49 | Build | Farm |
| 16:53 | Build | Farm |
| 16:55 | Create | Villager (Male) |
| 17:03 | Build | House |
| 17:10 | Build | Stone Wall |
| 17:17 | Build | Farm |
| 17:19 | Build | Farm |
| 17:21 | Create | Villager (Male) |
| 17:21 | Create | Villager (Male) |
| 17:25 | Build | Farm |
| 17:37 | Create | Villager (Male) |
| 17:41 | Build | Farm |
| 17:43 | Build | Farm |
| 17:54 | Build | Stone Wall |
| 17:55 | Create | Villager (Male) |
| 17:55 | Create | Villager (Male) |
| 17:59 | Build | Farm |
| 18:02 | Build | Farm |
| 18:04 | Build | Farm |
| 18:07 | Create | Villager (Male) |
| 18:13 | Build | Stone Wall |
| 18:14 | Build | Stone Wall |
| 18:21 | Build | Farm |
| 18:21 | Create | Villager (Male) |
| 18:22 | Create | Villager (Male) |
| 18:23 | Build | Farm |
| 18:38 | Create | Villager (Male) |
| 18:38 | Create | Villager (Male) |
| 18:40 | Build | Farm |
| 18:45 | Create | Villager (Male) |
| 18:52 | Create | Villager (Male) |
| 18:52 | Create | Villager (Male) |
| 18:56 | Build | Farm |
| 18:58 | Build | Farm |
| 19:02 | Create | Villager (Male) |
| 19:11 | Build | Farm |
| 19:11 | Create | Villager (Male) |
| 19:12 | Create | Villager (Male) |
| 19:23 | Build | Stone Wall |
| 19:25 | Create | Villager (Male) |
| 19:36 | Create | Villager (Male) |
| 19:37 | Create | Villager (Male) |
| 19:40 | Build | Farm |
| 19:42 | Build | Farm |
| 19:43 | Create | Villager (Male) |
| 19:50 | Build | Farm |
| 19:52 | Create | Villager (Male) |
| 19:52 | Create | Villager (Male) |
| 19:56 | Build | Farm |
| 19:58 | Create | Villager (Male) |
| 20:04 | Create | Villager (Male) |
| 20:13 | Build | Stone Wall |
| 20:14 | Create | Villager (Male) |
| 20:16 | Create | Villager (Male) |
| 20:19 | Build | Farm |
| 20:23 | Build | Farm |
| 20:30 | Research | Horse Collar |
| 20:33 | Create | Villager (Male) |
| 20:38 | Create | Villager (Male) ×2 |
| 20:44 | Build | Farm |
| 20:48 | Create | Villager (Male) |
| 20:49 | Create | Villager (Male) |
Build order — CodyRay
First 150 of 435 actions detected
| 0:01 | Create | Villager (Male) |
| 0:01 | Create | Villager (Male) |
| 0:03 | Build | House |
| 0:04 | Build | House |
| 0:16 | Create | Villager (Male) |
| 0:17 | Create | Villager (Male) |
| 0:17 | Create | Villager (Male) |
| 1:29 | Create | Villager (Male) |
| 1:48 | Create | Villager (Male) |
| 1:49 | Create | Villager (Male) |
| 1:51 | Build | Lumber Camp |
| 2:24 | Create | Villager (Male) |
| 2:24 | Create | Villager (Male) |
| 2:46 | Create | Villager (Male) |
| 2:47 | Create | Villager (Male) |
| 3:10 | Create | Villager (Male) |
| 3:11 | Create | Villager (Male) |
| 3:36 | Build | House |
| 3:48 | Create | Villager (Male) |
| 3:48 | Create | Villager (Male) |
| 3:49 | Create | Villager (Male) |
| 3:49 | Create | Villager (Male) |
| 4:12 | Create | Villager (Male) |
| 4:28 | Build | House |
| 4:52 | Create | Villager (Male) |
| 5:18 | Build | Palisade Wall |
| 5:22 | Create | Villager (Male) |
| 5:22 | Create | Villager (Male) |
| 5:28 | Build | Mill |
| 6:02 | Create | Villager (Male) |
| 6:03 | Create | Villager (Male) |
| 6:03 | Create | Villager (Male) |
| 6:34 | Create | Villager (Male) |
| 6:35 | Create | Villager (Male) |
| 6:44 | Create | Villager (Male) |
| 7:14 | Create | Villager (Male) |
| 7:14 | Create | Villager (Male) |
| 7:34 | Build | House |
| 7:41 | Build | House |
| 8:19 | Build | Palisade Wall |
| 8:30 | Build | Farm |
| 8:49 | Research | Feudal Age |
| 9:47 | Build | Palisade Wall |
| 9:56 | Build | House |
| 10:14 | Build | Farm |
| 10:28 | Build | Palisade Wall |
| 11:23 | Age | Feudal Age |
| 11:30 | Research | Castle Age |
| 11:49 | Build | Palisade Wall |
| 12:30 | Research | Double-Bit Axe |
| 12:32 | Research | Horse Collar |
| 13:52 | Create | Villager (Male) |
| 14:10 | Age | Castle Age |
| 14:17 | Build | Town Center |
| 14:20 | Build | Town Center |
| 14:24 | Research | Bow Saw |
| 14:27 | Research | Heavy Plow |
| 14:32 | Build | House |
| 14:33 | Build | House |
| 14:40 | Create | Villager (Male) |
| 14:47 | Build | Farm |
| 15:05 | Create | Villager (Male) |
| 15:07 | Build | Farm |
| 15:19 | Create | Villager (Male) |
| 15:46 | Build | House |
| 15:50 | Create | Villager (Male) |
| 15:56 | Build | Farm |
| 15:56 | Build | Farm |
| 15:57 | Build | Farm |
| 15:57 | Build | Farm |
| 16:00 | Create | Villager (Male) |
| 16:07 | Build | House |
| 16:21 | Create | Villager (Male) |
| 16:32 | Build | Farm |
| 16:34 | Build | Farm |
| 16:35 | Create | Villager (Male) |
| 16:38 | Create | Villager (Male) |
| 16:42 | Build | Farm |
| 16:48 | Build | Farm |
| 16:57 | Create | Villager (Male) |
| 17:06 | Create | Villager (Male) |
| 17:17 | Build | Stable |
| 17:19 | Create | Villager (Male) |
| 17:29 | Create | Villager (Male) |
| 17:41 | Create | Villager (Male) |
| 17:47 | Build | Farm |
| 17:48 | Build | Farm |
| 17:48 | Build | Farm |
| 17:48 | Build | Farm |
| 17:57 | Build | House |
| 18:04 | Build | Palisade Wall |
| 18:08 | Build | Palisade Wall |
| 18:11 | Create | Villager (Male) |
| 18:13 | Create | Villager (Male) |
| 18:19 | Build | Farm |
| 18:20 | Create | Villager (Male) |
| 18:27 | Build | Farm |
| 18:31 | Create | Villager (Male) |
| 18:40 | Build | Farm |
| 18:41 | Create | Villager (Male) |
| 18:53 | Create | Villager (Male) |
| 19:01 | Create | Villager (Male) |
| 19:02 | Create | Villager (Male) |
| 19:13 | Build | Palisade Wall |
| 19:16 | Create | Villager (Male) |
| 19:16 | Create | Villager (Male) |
| 19:16 | Create | Villager (Male) |
| 19:24 | Build | Farm |
| 19:25 | Create | Villager (Male) |
| 19:26 | Create | Villager (Male) |
| 19:32 | Create | Villager (Male) |
| 19:32 | Create | Villager (Male) |
| 19:38 | Build | Mining Camp |
| 19:40 | Create | Villager (Male) |
| 19:46 | Build | Monastery |
| 19:47 | Create | Villager (Male) |
| 19:54 | Create | Villager (Male) |
| 20:01 | Build | Farm |
| 20:03 | Create | Villager (Male) |
| 20:03 | Create | Villager (Male) |
| 20:14 | Create | Villager (Male) |
| 20:14 | Create | Villager (Male) |
| 20:14 | Create | Villager (Male) |
| 20:21 | Create | Villager (Male) |
| 20:22 | Create | Villager (Male) |
| 20:26 | Build | Farm |
| 20:29 | Create | Villager (Male) |
| 20:40 | Create | Villager (Male) |
| 20:43 | Build | House |
| 20:46 | Create | Villager (Male) |
| 20:52 | Build | House |
| 20:53 | Create | Villager (Male) |
| 20:54 | Create | Villager (Male) |
| 20:59 | Create | Villager (Male) |
| 20:59 | Create | Villager (Male) |
| 21:05 | Create | Villager (Male) |
| 21:39 | Create | Villager (Male) |
| 21:39 | Create | Villager (Male) |
| 21:40 | Create | Villager (Male) |
| 21:40 | Create | Villager (Male) |
| 21:41 | Create | Villager (Male) |
| 21:41 | Create | Villager (Male) |
| 21:45 | Build | Town Center |
| 21:48 | Create | Villager (Male) |
| 21:52 | Build | House |
| 21:53 | Build | House |
| 21:54 | Build | House |
| 22:03 | Create | Villager (Male) |
| 22:03 | Create | Villager (Male) |
| 22:04 | Create | Villager (Male) |
Build order — Fred's real son
First 150 of 518 actions detected
| 0:01 | Create | Villager (Male) |
| 0:01 | Create | Villager (Male) |
| 0:03 | Build | House |
| 0:04 | Build | House |
| 0:09 | Create | Villager (Male) |
| 0:09 | Create | Villager (Male) |
| 0:26 | Create | Villager (Male) |
| 0:27 | Create | Villager (Male) |
| 0:27 | Create | Villager (Male) |
| 1:22 | Create | Villager (Male) |
| 1:23 | Create | Villager (Male) |
| 1:46 | Build | Lumber Camp |
| 1:58 | Create | Villager (Male) |
| 1:59 | Create | Villager (Male) |
| 2:15 | Create | Villager (Male) |
| 2:15 | Create | Villager (Male) |
| 2:15 | Create | Villager (Male) |
| 2:45 | Create | Villager (Male) |
| 2:45 | Create | Villager (Male) |
| 2:45 | Create | Villager (Male) |
| 2:57 | Create | Villager (Male) |
| 3:34 | Build | House |
| 3:59 | Create | Villager (Male) |
| 3:59 | Create | Villager (Male) |
| 4:00 | Create | Villager (Male) |
| 4:21 | Create | Villager (Male) |
| 4:21 | Create | Villager (Male) |
| 4:22 | Create | Villager (Male) |
| 4:29 | Create | Villager (Male) |
| 4:32 | Create | Villager (Male) |
| 4:32 | Create | Villager (Male) |
| 4:32 | Create | Villager (Male) |
| 4:36 | Create | Villager (Male) |
| 4:36 | Create | Villager (Male) |
| 4:36 | Create | Villager (Male) |
| 5:28 | Build | House |
| 5:52 | Build | Mill |
| 6:19 | Create | Villager (Male) |
| 6:35 | Create | Villager (Male) |
| 7:05 | Create | Villager (Male) |
| 7:05 | Create | Villager (Male) |
| 7:16 | Build | House |
| 7:20 | Build | Palisade Wall |
| 7:29 | Build | Palisade Wall |
| 7:52 | Research | Feudal Age |
| 8:09 | Build | Mining Camp |
| 8:18 | Create | Villager (Male) |
| 8:19 | Create | Villager (Male) |
| 10:01 | Age | Feudal Age |
| 10:03 | Build | Blacksmith |
| 10:18 | Build | Market |
| 10:47 | Research | Double-Bit Axe |
| 11:15 | Research | Castle Age |
| 11:15 | Research | Castle Age |
| 11:15 | Research | Castle Age |
| 11:47 | Build | Lumber Camp |
| 11:54 | Research | Horse Collar |
| 12:13 | Build | Palisade Wall |
| 12:27 | Build | Palisade Wall |
| 12:48 | Build | Palisade Wall |
| 13:14 | Create | Villager (Male) |
| 13:24 | Build | House |
| 13:25 | Build | House |
| 13:28 | Build | House |
| 13:40 | Age | Castle Age |
| 13:52 | Build | Town Center |
| 13:56 | Build | Town Center |
| 14:04 | Create | Villager (Male) |
| 14:11 | Build | Farm |
| 14:12 | Build | Farm |
| 14:14 | Build | Farm |
| 14:20 | Build | Farm |
| 14:30 | Build | Farm |
| 14:33 | Create | Villager (Male) |
| 14:51 | Research | Bow Saw |
| 14:51 | Research | Bow Saw |
| 15:01 | Build | House |
| 15:08 | Build | Farm |
| 15:10 | Build | Farm |
| 15:12 | Build | Farm |
| 15:22 | Build | House |
| 15:25 | Create | Villager (Male) |
| 15:26 | Create | Villager (Male) |
| 15:28 | Create | Villager (Male) |
| 15:31 | Build | Farm |
| 15:34 | Build | Farm |
| 15:41 | Build | House |
| 15:43 | Build | Farm |
| 15:55 | Build | Farm |
| 16:01 | Create | Villager (Male) |
| 16:01 | Create | Villager (Male) |
| 16:01 | Create | Villager (Male) |
| 16:05 | Build | House |
| 16:08 | Create | Villager (Male) |
| 16:08 | Create | Villager (Male) |
| 16:13 | Build | Farm |
| 16:23 | Build | Farm |
| 16:26 | Build | House |
| 16:31 | Create | Villager (Male) |
| 16:37 | Create | Villager (Male) |
| 16:38 | Create | Villager (Male) |
| 16:40 | Create | Villager (Male) |
| 16:44 | Build | Farm |
| 16:46 | Build | Farm |
| 16:50 | Build | House |
| 16:53 | Create | Villager (Male) |
| 16:59 | Build | Farm |
| 17:00 | Create | Villager (Male) |
| 17:00 | Create | Villager (Male) |
| 17:08 | Create | Villager (Male) |
| 17:08 | Create | Villager (Male) |
| 17:14 | Build | House |
| 17:18 | Build | Farm |
| 17:19 | Create | Villager (Male) |
| 17:31 | Build | Mining Camp |
| 17:36 | Create | Villager (Male) |
| 17:36 | Create | Villager (Male) |
| 17:38 | Build | Mining Camp |
| 17:41 | Build | Farm |
| 17:42 | Build | Farm |
| 17:44 | Create | Villager (Male) |
| 17:51 | Build | Farm |
| 17:51 | Create | Villager (Male) |
| 18:00 | Create | Villager (Male) |
| 18:00 | Create | Villager (Male) |
| 18:05 | Build | Farm |
| 18:07 | Build | Farm |
| 18:12 | Build | House |
| 18:13 | Create | Villager (Male) |
| 18:20 | Build | Farm |
| 18:22 | Create | Villager (Male) |
| 18:23 | Create | Villager (Male) |
| 18:23 | Create | Villager (Male) |
| 18:32 | Build | Farm |
| 18:37 | Create | Villager (Male) |
| 18:41 | Build | Farm |
| 18:45 | Build | House |
| 18:54 | Create | Villager (Male) |
| 18:54 | Create | Villager (Male) |
| 19:02 | Build | Farm |
| 19:05 | Build | House |
| 19:09 | Build | Farm |
| 19:10 | Build | Farm |
| 19:11 | Build | Farm |
| 19:14 | Create | Villager (Male) |
| 19:17 | Create | Villager (Male) |
| 19:17 | Create | Villager (Male) |
| 19:18 | Create | Villager (Male) |
| 19:23 | Build | Farm |
| 19:28 | Build | House |
Build order — Choso
First 150 of 468 actions detected
| 0:01 | Create | Villager (Male) |
| 0:02 | Create | Villager (Male) |
| 0:03 | Build | House |
| 0:06 | Build | House |
| 0:26 | Create | Villager (Male) |
| 0:27 | Create | Villager (Male) |
| 1:29 | Create | Villager (Male) |
| 1:29 | Create | Villager (Male) |
| 1:50 | Create | Villager (Male) |
| 1:51 | Create | Villager (Male) |
| 2:11 | Build | Lumber Camp |
| 2:16 | Create | Villager (Male) |
| 2:17 | Create | Villager (Male) |
| 2:35 | Create | Villager (Male) |
| 2:35 | Create | Villager (Male) |
| 3:09 | Create | Villager (Male) |
| 3:09 | Create | Villager (Male) |
| 3:24 | Create | Villager (Male) |
| 3:25 | Create | Villager (Male) |
| 3:30 | Build | House |
| 3:57 | Create | Villager (Male) |
| 3:57 | Create | Villager (Male) |
| 4:21 | Create | Villager (Male) |
| 4:21 | Create | Villager (Male) |
| 4:21 | Create | Villager (Male) |
| 5:01 | Build | Mill |
| 5:06 | Create | Villager (Male) |
| 5:06 | Create | Villager (Male) |
| 5:12 | Build | House |
| 5:15 | Build | Palisade Wall |
| 5:17 | Create | Villager (Male) |
| 5:17 | Create | Villager (Male) |
| 5:18 | Create | Villager (Male) |
| 5:18 | Create | Villager (Male) |
| 5:51 | Create | Villager (Male) |
| 5:51 | Create | Villager (Male) |
| 5:52 | Create | Villager (Male) |
| 6:25 | Create | Villager (Male) |
| 6:25 | Create | Villager (Male) |
| 6:25 | Create | Villager (Male) |
| 6:30 | Build | House |
| 7:01 | Create | Villager (Male) |
| 7:01 | Create | Villager (Male) |
| 7:02 | Create | Villager (Male) |
| 7:13 | Build | Palisade Wall |
| 7:38 | Create | Villager (Male) |
| 7:42 | Build | Mining Camp |
| 8:30 | Research | Feudal Age |
| 8:30 | Research | Feudal Age |
| 9:43 | Create | Villager (Male) |
| 9:43 | Create | Villager (Male) |
| 10:40 | Age | Feudal Age |
| 10:43 | Build | Market |
| 10:56 | Build | Blacksmith |
| 11:26 | Research | Loom |
| 11:38 | Build | House |
| 11:55 | Research | Castle Age |
| 11:55 | Research | Castle Age |
| 12:17 | Research | Double-Bit Axe |
| 12:20 | Build | House |
| 13:07 | Build | Palisade Wall |
| 13:08 | Create | Villager (Male) |
| 13:08 | Create | Villager (Male) |
| 14:35 | Age | Castle Age |
| 14:39 | Build | Town Center |
| 14:43 | Build | Town Center |
| 14:44 | Create | Villager (Male) |
| 15:07 | Research | Horse Collar |
| 15:36 | Create | Villager (Male) |
| 15:36 | Create | Villager (Male) |
| 15:49 | Create | Villager (Male) |
| 15:49 | Create | Villager (Male) |
| 16:01 | Create | Villager (Male) |
| 16:02 | Create | Villager (Male) |
| 16:05 | Build | Farm |
| 16:06 | Build | Farm |
| 16:06 | Build | Farm |
| 16:29 | Build | Farm |
| 16:30 | Create | Villager (Male) |
| 16:31 | Create | Villager (Male) |
| 16:34 | Build | Farm |
| 16:42 | Create | Villager (Male) |
| 16:42 | Create | Villager (Male) |
| 16:42 | Create | Villager (Male) |
| 16:54 | Create | Villager (Male) |
| 16:54 | Create | Villager (Male) |
| 17:00 | Build | Farm |
| 17:09 | Create | Villager (Male) |
| 17:10 | Create | Villager (Male) |
| 17:10 | Create | Villager (Male) |
| 17:19 | Create | Villager (Male) |
| 17:20 | Create | Villager (Male) |
| 17:21 | Create | Villager (Male) |
| 17:26 | Build | Farm |
| 17:40 | Create | Villager (Male) |
| 17:41 | Create | Villager (Male) |
| 17:41 | Create | Villager (Male) |
| 17:46 | Create | Villager (Male) |
| 17:48 | Build | Farm |
| 17:54 | Build | House |
| 17:54 | Build | House |
| 17:55 | Create | Villager (Male) |
| 17:55 | Create | Villager (Male) |
| 17:55 | Create | Villager (Male) |
| 18:02 | Build | Farm |
| 18:02 | Build | Farm |
| 18:03 | Build | Farm |
| 18:03 | Build | Farm |
| 18:03 | Build | Farm |
| 18:03 | Build | Farm |
| 18:04 | Build | Farm |
| 18:13 | Create | Villager (Male) |
| 18:14 | Create | Villager (Male) |
| 18:14 | Create | Villager (Male) |
| 18:18 | Build | Farm |
| 18:19 | Create | Villager (Male) |
| 18:24 | Create | Villager (Male) |
| 18:27 | Create | Villager (Male) |
| 18:27 | Create | Villager (Male) |
| 18:28 | Create | Villager (Male) |
| 18:34 | Build | Farm |
| 18:34 | Build | Farm |
| 18:38 | Build | Farm |
| 18:38 | Build | Farm |
| 18:38 | Build | Farm |
| 18:40 | Create | Villager (Male) |
| 18:40 | Create | Villager (Male) |
| 18:56 | Build | Farm |
| 18:57 | Create | Villager (Male) |
| 18:57 | Create | Villager (Male) |
| 19:06 | Create | Villager (Male) |
| 19:06 | Create | Villager (Male) |
| 19:14 | Build | House |
| 19:14 | Build | House |
| 19:15 | Build | House |
| 19:15 | Build | House |
| 19:16 | Build | House |
| 19:17 | Create | Villager (Male) |
| 19:17 | Create | Villager (Male) |
| 19:17 | Create | Villager (Male) |
| 19:17 | Create | Villager (Male) |
| 19:25 | Build | Farm |
| 19:36 | Research | Wheelbarrow |
| 19:36 | Research | Wheelbarrow |
| 19:38 | Create | Villager (Male) |
| 19:38 | Create | Villager (Male) |
| 19:39 | Create | Villager (Male) |
| 19:52 | Create | Villager (Male) |
| 20:02 | Build | Monastery |
| 20:03 | Create | Villager (Male) |
Match timeline
| 4:26 | Steven S Lee · wall_segment Palisade Wall x5 |
| 4:34 | abli30 · wall_segment Palisade Wall x6 |
| 5:15 | Choso · wall_segment Palisade Wall x5 |
| 5:18 | CodyRay · wall_segment Palisade Wall x12 |
| 5:39 | kfcman5566 · wall_segment Palisade Wall x5 |
| 5:40 | 霧島君 · wall_segment Palisade Wall x14 |
| 6:49 | Steven S Lee · wall_segment Palisade Wall x7 |
| 6:50 | Steven S Lee · wall_segment Palisade Wall x6 |
| 6:56 | kfcman5566 · wall_segment Palisade Wall x9 |
| 7:13 | Choso · wall_segment Palisade Wall x1 |
| 7:20 | Fred's real son · wall_segment Palisade Wall x1 |
| 7:29 | Fred's real son · wall_segment Palisade Wall x3 |
| 7:44 | abli30 · first_building Barracks |
| 7:48 | Grrgrag · first_building Barracks |
| 8:01 | abli30 · wall_segment Palisade Wall x8 |
| 8:19 | CodyRay · wall_segment Palisade Wall x8 |
| 8:21 | Steven S Lee · wall_segment Palisade Wall x1 |
| 8:22 | Steven S Lee · wall_segment Palisade Wall x1 |
| 8:36 | Grrgrag · wall_segment Palisade Wall x7 |
| 8:38 | Grrgrag · wall_segment Palisade Wall x7 |
| 8:47 | abli30 · wall_segment Palisade Wall x1 |
| 8:48 | abli30 · wall_segment Palisade Wall x1 |
| 8:48 | kfcman5566 · wall_segment Palisade Wall x15 |
| 9:01 | Grrgrag · age_up feudal |
| 9:04 | Grrgrag · first_building Stable |
| 9:08 | abli30 · age_up feudal |
| 9:09 | Steven S Lee · wall_segment Palisade Wall x8 |
| 9:09 | Steven S Lee · wall_segment Palisade Wall x3 |
| 9:24 | Grrgrag · wall_segment Palisade Wall x5 |
| 9:29 | kfcman5566 · wall_segment Palisade Wall x7 |
| 9:33 | abli30 · wall_segment Palisade Wall x1 |
| 9:46 | Grrgrag · wall_segment Palisade Wall x4 |
| 9:47 | CodyRay · wall_segment Palisade Wall x7 |
| 9:47 | Grrgrag · wall_segment Palisade Wall x1 |
| 10:01 | Fred's real son · age_up feudal |
| 10:05 | abli30 · first_building Archery Range |
| 10:09 | Grrgrag · wall_segment Palisade Wall x1 |
| 10:15 | Steven S Lee · age_up feudal |
| 10:17 | kfcman5566 · wall_segment Palisade Wall x1 |
| 10:28 | CodyRay · wall_segment Palisade Wall x1 |
| 10:36 | kfcman5566 · wall_segment Palisade Wall x12 |
| 10:38 | Grrgrag · wall_segment Palisade Wall x4 |
| 10:40 | Choso · age_up feudal |
| 10:40 | Grrgrag · wall_segment Palisade Wall x7 |
| 10:42 | kfcman5566 · wall_segment Palisade Wall x2 |
| 10:48 | kfcman5566 · wall_segment Palisade Wall x1 |
| 10:49 | kfcman5566 · wall_segment Palisade Wall x1 |
| 11:03 | kfcman5566 · wall_segment Palisade Wall x10 |
| 11:10 | Grrgrag · wall_segment Palisade Wall x28 |
| 11:21 | Steven S Lee · wall_segment Palisade Wall x4 |
| 11:23 | CodyRay · age_up feudal |
| 11:24 | 霧島君 · age_up feudal |
| 11:41 | kfcman5566 · age_up feudal |
| 11:49 | CodyRay · wall_segment Palisade Wall x15 |
| 12:13 | Fred's real son · wall_segment Palisade Wall x1 |
| 12:27 | Fred's real son · wall_segment Palisade Wall x3 |
| 12:38 | abli30 · wall_segment Palisade Wall x1 |
| 12:46 | kfcman5566 · wall_segment Stone Wall x4 |
| 12:48 | Fred's real son · wall_segment Palisade Wall x4 |
| 13:07 | Choso · wall_segment Palisade Wall x1 |
| 13:40 | Fred's real son · age_up castle |
| 14:10 | CodyRay · age_up castle |
| 14:35 | Choso · age_up castle |
| 14:53 | Steven S Lee · age_up castle |
| 15:18 | kfcman5566 · age_up castle |
| 15:22 | 霧島君 · age_up castle |
| 15:22 | Grrgrag · wall_segment Palisade Wall x5 |
| 16:01 | 霧島君 · first_market_buy 100 stone |
| 16:05 | 霧島君 · first_building Castle |
| 16:24 | Grrgrag · wall_segment Palisade Wall x1 |
| 16:56 | kfcman5566 · wall_segment Stone Wall x4 |
| 17:10 | Steven S Lee · wall_segment Stone Wall x8 |
| 17:17 | CodyRay · first_building Stable |
| 17:54 | Steven S Lee · wall_segment Stone Wall x4 |
| 18:01 | kfcman5566 · first_market_buy 500 food |
| 18:04 | CodyRay · wall_segment Palisade Wall x3 |
| 18:08 | CodyRay · wall_segment Palisade Wall x6 |
| 18:13 | Steven S Lee · wall_segment Stone Wall x1 |
| 18:14 | Steven S Lee · wall_segment Stone Wall x1 |
| 18:54 | kfcman5566 · wall_segment Stone Wall x1 |
| 18:55 | kfcman5566 · wall_segment Stone Wall x1 |
| 19:04 | kfcman5566 · wall_segment Stone Wall x9 |
| 19:13 | CodyRay · wall_segment Palisade Wall x10 |
| 19:14 | abli30 · first_market_sell 100 wood |
| 19:16 | abli30 · first_market_buy 100 food |
| 19:23 | Steven S Lee · wall_segment Stone Wall x9 |
| 19:46 | CodyRay · first_building Monastery |
| 20:02 | Choso · first_building Monastery |
| 20:13 | Steven S Lee · wall_segment Stone Wall x13 |
| 20:26 | kfcman5566 · wall_segment Stone Wall x13 |
| 20:37 | Steven S Lee · first_market_buy 100 food |
| 20:43 | Grrgrag · age_up castle |
| 20:46 | Grrgrag · first_building Monastery |
| 21:05 | kfcman5566 · wall_segment Palisade Wall x3 |
| 21:22 | Steven S Lee · first_building Barracks |
| 21:38 | kfcman5566 · wall_segment Stone Wall x8 |
| 21:41 | kfcman5566 · first_market_sell 500 wood |
| 21:41 | Steven S Lee · wall_segment Stone Wall x10 |
| 21:46 | kfcman5566 · wall_segment Stone Wall x6 |
| 21:49 | Choso · wall_segment Stone Wall x12 |
| 22:12 | 霧島君 · first_building Barracks |
| 22:13 | kfcman5566 · wall_segment Stone Wall x1 |
| 22:15 | abli30 · age_up castle |
| 22:27 | kfcman5566 · wall_segment Stone Wall x2 |
| 22:32 | kfcman5566 · wall_segment Stone Wall x1 |
| 22:45 | CodyRay · first_building Castle |
| 23:09 | Fred's real son · first_building Monastery |
| 23:11 | 霧島君 · first_building Stable |
| 23:18 | kfcman5566 · first_building Barracks |
| 23:27 | kfcman5566 · wall_segment Stone Wall x1 |
| 23:51 | Steven S Lee · wall_segment Stone Wall x4 |
| 23:58 | kfcman5566 · wall_segment Stone Wall x5 |
| 24:01 | CodyRay · wall_segment Palisade Wall x1 |
| 24:03 | CodyRay · wall_segment Palisade Wall x1 |
| 24:07 | Steven S Lee · wall_segment Stone Wall x1 |
| 24:08 | Steven S Lee · wall_segment Stone Wall x1 |
| 24:19 | Steven S Lee · first_market_sell 100 food |
| 24:21 | kfcman5566 · first_building Monastery |
| 24:35 | kfcman5566 · wall_segment Stone Wall x1 |
| 24:46 | CodyRay · wall_segment Stone Wall x7 |
| 25:09 | Fred's real son · first_building Siege Workshop |
| 25:26 | kfcman5566 · wall_segment Stone Wall x10 |
| 25:36 | Choso · first_market_sell 100 food |
| 26:15 | Choso · first_building Barracks |
| 26:18 | Fred's real son · first_building Barracks |
| 26:21 | Steven S Lee · first_building Siege Workshop |
| 26:35 | Choso · first_building Castle |
| 27:05 | Fred's real son · first_building Stable |
| 27:13 | Steven S Lee · first_building Monastery |
| 27:32 | CodyRay · wall_segment Stone Wall x4 |
| 28:03 | Choso · first_building Archery Range |
| 28:17 | Fred's real son · age_up imperial |
| 28:41 | Steven S Lee · wall_segment Stone Wall x11 |
| 28:43 | Choso · first_building Stable |
| 28:50 | Choso · age_up imperial |
| 28:55 | Steven S Lee · first_building Castle |
| 29:07 | 霧島君 · first_market_sell 100 wood |
| 29:45 | kfcman5566 · wall_segment Stone Wall x3 |
| 29:59 | kfcman5566 · wall_segment Stone Wall x1 |
| 30:31 | Grrgrag · first_building Archery Range |
| 31:21 | Choso · wall_segment Stone Wall x11 |
| 31:25 | Choso · wall_segment Stone Wall x13 |
| 31:48 | Steven S Lee · wall_segment Stone Wall x13 |
| 31:49 | Steven S Lee · wall_segment Stone Wall x4 |
| 32:33 | Fred's real son · first_market_sell 500 wood |
| 32:34 | abli30 · first_building Monastery |
| 32:46 | 霧島君 · wall_segment Stone Wall x12 |
| 33:21 | Steven S Lee · age_up imperial |
| 33:26 | 霧島君 · age_up imperial |
| 33:28 | Grrgrag · first_building Castle |
| 33:34 | Grrgrag · age_up imperial |
| 33:38 | abli30 · first_building Castle |
| 34:12 | abli30 · wall_segment Palisade Wall x1 |
| 34:41 | kfcman5566 · first_building Castle |
| 35:04 | Grrgrag · first_market_sell 100 food |
| 35:16 | Choso · first_market_buy 100 food |
| 35:53 | 霧島君 · first_building Siege Workshop |
| 36:05 | abli30 · age_up imperial |
| 36:19 | kfcman5566 · wall_segment Stone Wall x1 |
| 36:25 | 霧島君 · wall_segment Stone Wall x24 |
| 36:38 | 霧島君 · wall_segment Stone Wall x4 |
| 37:20 | CodyRay · age_up imperial |
| 37:41 | kfcman5566 · wall_segment Stone Wall x3 |
| 39:09 | kfcman5566 · wall_segment Stone Wall x1 |
| 39:59 | Choso · resign |
[ AI ANALYSIS · 1 CREDIT ]
What really happened in this match?
Wolo.gg analyzes every decision: build order, eco, micro, common mistakes by bracket. Personalized analysis on WhatsApp or Discord in 30 seconds.
Civ guide
Persians
Perfil
Jugador #2430977